 Dungeon Crawl Stone Soup version 0.30.1 (webtiles) character file.

Game seed: 3207281256093258774

369 LynnLen the Sneak (level 6, -3/28 HPs)
             Began as a Spriggan Enchanter on July 4, 2023.
             Slain by Edmund
             ... wielding a +3 flail of protection
              (4 damage)
             ... while paralysed by Ijyb
             ... on level 3 of the Dungeon.
             The game lasted 00:12:29 (3349 turns).

LynnLen the Sneak (Spriggan Enchanter)              Turns: 3349, Time: 00:12:29

Health: -3/28      AC:  5    Str:  4    XL:     6   Next: 41%
Magic:  13/13      EV:  4    Int: 19    God:
Gold:   179        SH:  0    Dex: 15    Spells: 3/13 levels left

rFire   . . .        t - +2 short sword (vamp)
rCold   . . .        (no shield)
rNeg    . . .        b - +1 robe
rPois   .            (helmet restricted)
rElec   .            p - +1 cloak
rCorr   .            (gloves unavailable)
SInv    +            (boots unavailable)
Will    +....        (no amulet)
Stlth   ++++         (no ring)
HPRegen 0.24/turn    (no ring)
MPRegen 0.13/turn

%: no passive effects
@: paralysed, very quick
A: very small, no large weapons, unfitting armour, see invisible, speed 3
a: no special abilities


You were on level 3 of the Dungeon.
You visited 1 branch of the dungeon, and saw 5 of its levels.

You collected 179 gold pieces.

Inventory:

Hand Weapons
 t - a +2 vampiric short sword (weapon)
Missiles
 h - 45 stones (quivered)
Armour
 b - a +1 robe (worn)
 p - a +1 cloak (worn)
Scrolls
 e - a scroll of vulnerability
 f - a scroll of noise {unknown}
 g - a scroll of fear {unknown}
 k - 2 scrolls of teleportation
 o - 3 scrolls of brand weapon {unknown}
 r - a scroll of fog {unknown}
Potions
 a - a potion of mutation
 c - a potion of invisibility
 d - a potion of degeneration {unknown}
 i - 2 potions of magic {unknown}
 l - 2 potions of ambrosia {unknown}
 m - 2 potions of heal wounds {unknown}
 n - a potion of flight {unknown}
 q - 2 potions of curing
 s - a potion of attraction {unknown}


   Skills:
 - Level 1.1 Short Blades
 * Level 2.1 Throwing
 - Level 2.6 Dodging
 + Level 7.8 Stealth
 + Level 4.0 Spellcasting
 + Level 5.1 Hexes
 * Level 1.2 Air Magic
 * Level 1.2 Poison Magic


You had 3 spell levels left.
You knew the following spells:

 Your Spells              Type           Power      Damage    Failure   Level
a - Ensorcelled Hibernat  Hex/Ice        26%        N/A       8%          2
b - Confusing Touch       Hex            23%        N/A       4%          3
c - Tukima's Dance        Hex            23%        N/A       4%          3
d - Poisonous Vapours     Pois/Air       16%        N/A       13%         2

Your spell library contained the following spells:

 Spells                   Type           Power      Damage    Failure   Level
 Sting                    Tmut/Pois      24%        1d4       11%         1
 Dazzling Flash           Conj/Hex       26%        N/A       14%         3
 Portal Projectile        Hex/Tloc       26%        N/A       14%         3
 Summon Guardian Golem    Hex/Summ       13%        N/A       14%         3
 Momentum Strike          Conj/Tloc      6%         3d8       21%         2
 Stone Arrow              Conj/Erth      6%         3d7       38%         3
 Olgreb's Toxic Radiance  Pois           8%         N/A       63%         4
 Animate Armour           Summ/Erth      6%         N/A       80%         4
 Blade Hands              Tmut           1%         N/A       98%         5
 Orb of Destruction       Conj           1%         9d5       100%        7
 Spellforged Servitor     Conj/Summ      1%         N/A       100%        7
 Lehudib's Crystal Spear  Conj/Erth      1%         10d2      100%        8


Dungeon Overview and Level Annotations

Branches:
Dungeon (5/15)
 Temple: D:4-7

Altars:

Annotations:
D:3 Edmund; Ijyb
D:4 Menkaure; Natasha
D:5 1 transporter, bahustanut's ghost, amateur TrBe


Innate Abilities, Weirdness & Mutations

You are very small and have problems with some larger weapons.
You are too small for most types of armour.
You have supernaturally acute eyesight. (SInv)
You cover ground extremely quickly. (Speed+++)


Message History

The adder is lightly wounded.
You flicker back into view.
The adder bites you but does no damage. x2
You barely miss the adder.
The adder is lightly wounded.
The adder closely misses you.
You hit the adder.
The adder is heavily wounded.
The adder misses you.
You hit the adder.
The adder is almost dead.
The adder bites you but does no damage.
You hit the adder.
You kill the adder!
You see here an adder corpse.
You see here a +0 robe.
There is a large open door here.
There is a large open door here.
Done exploring.
Done exploring.
Done exploring.
Okay, then.
There is a stone staircase leading down here.
You climb downwards.
Edmund shouts!
The kobold shouts!
You hear a shout!
Natasha hisses angrily.
Edmund hits you with a +3 flail of protection!
Found 13 gold pieces and a kite shield.
Found a stone staircase leading down.
There is a stone staircase leading up here.
Edmund closely misses you. Ijyb hits you but does no damage.
You climb upwards.
There is a stone staircase leading down here.
Ijyb zaps a wand.
You suddenly lose the ability to move!
Edmund hits you with a +3 flail of protection!
Ijyb hits you with a +0 dagger.
Edmund hits you with a +3 flail of protection!
* * * LOW HITPOINT WARNING * * *
Ijyb hits you with a +0 dagger.
* * * LOW HITPOINT WARNING * * *
Edmund hits you with a +3 flail of protection.
You die...

########### ###########
#.........# #.........#
#......^..# #.#######.#
#.........# ########.#######.#
#.........### .......†.........#
#.......[.'.# #########.#####..#
#.........#.##
#.......#.#####.@###.........#...
[..........)....g@##.........#.##
..........######..##...)).......#
#.###....##...##..########.......
#.###....''...##..# #####..#####.
#.##.....##.......###.....##...##
.[.......##...............#.....#
......##.##...............#.....#
.......#.##...............#.....#


You could see Edmund and Ijyb.

Vanquished Creatures
  An ogre (D:4)
  An orc priest (D:3)
  Jessica (D:3)
  Terence (D:2)
  An iguana (D:4)
  An orc wizard (D:5)
  3 gnolls (D:5)
  4 adders
  A worm (D:2)
  14 orcs
  7 bats
  3 endoplasms (D:1)
  7 goblins
  6 hobgoblins
  3 jackals (D:2)
  7 kobolds
  4 quokkas
  2 ball pythons
  3 frilled lizards
  7 rats
77 creatures vanquished.

Notes
Turn   | Place    | Note
-------+----------+-------------------------------------------
     0 | D:1      | LynnLen the Spriggan Enchanter began the quest for the Orb.
     0 | D:1      | Reached XP level 1. HP: 9/9 MP: 5/5
   329 | D:1      | Reached XP level 2. HP: 13/13 MP: 6/6
   409 | D:1      | Reached skill level 5 in Stealth
   523 | D:1      | Learned a level 2 spell: Ensorcelled Hibernation
  1060 | D:2      | Reached XP level 3. HP: 16/16 MP: 4/8
  1572 | D:2      | Noticed Terence
  1586 | D:2      | Killed Terence
  1587 | D:2      | Reached skill level 1 in Throwing
  1587 | D:2      | Reached skill level 6 in Stealth
  1587 | D:2      | Reached XP level 4. HP: 21/21 MP: 6/9
  2187 | D:3      | You fall into a shaft and drop 2 floors!
  2187 | D:5      | Entered Level 5 of the Dungeon
  2190 | D:5      | Noticed a kobold brigand
  2222 | D:5      | Found a transporter.
  2230 | D:5      | Noticed bahustanut's ghost (amateur TrBe)
  2348 | D:5      | Learned a level 3 spell: Confusing Touch
  2352 | D:5      | Learned a level 3 spell: Tukima's Dance
  2355 | D:5      | Learned a level 2 spell: Poisonous Vapours
  2401 | D:5      | Reached XP level 5. HP: 19/24 MP: 11/11
  2495 | D:4      | Noticed an ogre
  2503 | D:4      | Killed an ogre
  2504 | D:4      | Reached skill level 7 in Stealth
  2562 | D:4      | Reached skill level 5 in Hexes
  2562 | D:4      | Reached skill level 1 in Poison Magic
  2562 | D:4      | Reached XP level 6. HP: 27/28 MP: 3/12
  2904 | D:3      | Noticed Jessica
  2921 | D:3      | Killed Jessica
  2922 | D:3      | Reached skill level 1 in Air Magic
  2930 | D:3      | Got Jessica's Notes on Displacement
  3343 | D:4      | Noticed Ijyb
  3343 | D:4      | Noticed Natasha
  3343 | D:4      | Noticed Edmund
  3344 | D:4      | Noticed Menkaure
  3346 | D:3      | Paralysed by Ijyb for 4 turns
  3348 | D:3      | HP: 1/28 [Ijyb/+0 dagger (3)]
  3349 | D:3      | Slain by Edmund

Illustrated notes

Levels and vault maps discovered:
D:1:      grunt_arrival_lava_bath, layout_basic, minmay_tromino_v2
D:2:      layout_loops_cross, uniq_terence
D:3:      layout_basic, kennysheep_jessica_study
D:4:      layout_rooms, uniq_ijyb, uniq_natasha, uniq_edmund, uniq_menkaure
D:5:      layout_basic, temple_fountains, gammafunk_ghost_abyssal_escape,
          nicolae_goblin_pals

Skill      XL: |  1  2  3  4  5  6 |
---------------+-------------------+-----
Hexes          | 4 5 |  5.1
Stealth        | 5 6 7 |  7.8
Spellcasting   | 3 4 |  4.0
Throwing       | 1 2 |  2.1
Poison Magic   | 1 |  1.2
Air Magic      | 1 |  1.2
Short Blades   | |  1.1
Dodging        | |  2.6

Action                     |  1- 3 |  4- 6 || total
---------------------------+-------+-------++-------
  Melee: Dagger            |    97 |    71 ||   168
         Punch             |     1 |     1 ||     2
         Short sword       |       |     5 ||     5
   Cast: Ensorcelled Hiber |    11 |    21 ||    32
         Confusing Touch   |       |     1 ||     1
    Use: Scroll            |     5 |     2 ||     7
         Potion            |       |     2 ||     2
   Stab: Sleeping          |    15 |    23 ||    38
         Distracted        |       |     1 ||     1
         Confused          |       |     1 ||     1
         Invisible         |       |     1 ||     1
 Armour: Robe              |    12 |    12 ||    24
  Dodge: Dodged            |    59 |    52 ||   111
